 Dungeon Crawl Stone Soup version 0.24-a0-462-ge24419a6ad (console) character file.

Game seed: 8469897663723688023

321 Lexodia the Distorting Demonspawn (level 6, -2/47 HPs)
             Began as a Demonspawn Abyssal Knight on July 2, 2019.
             Was a Believer of Lugonu.
             Slain by an orc priest
             ... wielding a +0 trident
              (5 damage)
             ... on level 4 of the Dungeon.
             The game lasted 00:09:06 (4217 turns).

Lexodia the Distorting Demonspawn (DsAK)            Turns: 4217, Time: 00:09:06

Health: -2/47      AC:  9    Str: 12    XL:     6   Next: 22%
Magic:  0/9        EV: 12    Int: 14    God:    Lugonu [**....]
Gold:   273        SH:  0    Dex: 14    Spells: 5/5 levels left

rFire    . . .     SeeInvis .   a - +2 spear
rCold    . . .     Gourm    .   (no shield)
rNeg     . . .     Faith    .   h - +0 ring mail
rPois    .         Spirit   +   (no helmet)
rElec    .         Reflect  .   (no cloak)
rCorr    .         Harm     .   r - +0 pair of gloves
MR       .....                  (no boots)
Stlth    ++........             s - amulet of guardian spirit
HPRegen  0.15/turn              u - +3 ring of protection
MPRegen  0.11/turn              p - ring of stealth

@: no status effects
A: claws 1, sturdy frame 2
a: Depart the Abyss, Bend Space, Renounce Religion


You were on level 4 of the Dungeon.
You worshipped Lugonu.
Lugonu was pleased with you.
You were not hungry.

You visited 1 branch of the dungeon, and saw 4 of its levels.
You visited the Abyss 1 time.

You collected 273 gold pieces.

Inventory:

Hand Weapons
 a - a +2 spear (weapon)
Missiles
 f - 131 stones (quivered)
Armour
 h - a +0 ring mail (worn)
 k - a +0 leather armour
 r - a +0 pair of gloves (worn)
Jewellery
 b - an uncursed ring of fire
 n - an uncursed ring of poison resistance
 p - a ring of stealth (right hand)
 q - a +4 ring of strength
 s - an amulet of guardian spirit (around neck)
 u - a +3 ring of protection (left hand)
Scrolls
 d - 3 scrolls of identify
 e - 2 scrolls of teleportation
 i - a scroll of blinking
Potions
 g - a potion of resistance
 j - 3 potions of flight
 m - a potion of brilliance
 o - a potion of lignification
Comestibles
 c - 4 rations


   Skills:
 - Level 3.0 Fighting
 - Level 2.1 Polearms
 + Level 3.3 Armour
 + Level 1.7 Dodging
 + Level 2.8 Unarmed Combat
 + Level 5.2 Invocations


You had 5 spell levels left.
You didn't know any spells.
Your spell library was empty.

Dungeon Overview and Level Annotations

Branches:
Dungeon (4/15)
 Temple: D:4-7

Altars:
Elyvilon
Hepliaklqana
Wu Jian


Innate Abilities, Weirdness & Mutations

You have sharp fingernails.
Your movements are less encumbered by armour. (ER -4)


Message History

You kill the orc!
Lugonu accepts your kill.
The orc priest invokes the aid of Beogh against you.
Pain shoots through your body!
* * * LOW HITPOINT WARNING * * *
Huge Dmg: -23%(-11hp) hp: 22%(10hp) Attack whom?
Press: ? - help, Dir - move target cursor, f - orc priest
Aim: an orc priest, wielding a +0 trident and wearing a +0 chain mail You reach to attack!
You closely miss the orc priest.
The orc priest calls down the wrath of Beogh upon you.
Beogh smites you!
* * * LOW HITPOINT WARNING * * *
Huge Dmg: -15%(-7hp) hp: 7%(3hp) Attack whom?
Press: ? - help, Dir - move target cursor, f/p - orc priest
Aim: an orc priest, wielding a +0 trident and wearing a +0 chain mail You reach to attack!
You completely miss the orc priest.
The orc priest hits you from afar with a +0 trident.
You die...

...o....#########
....###..........
.............##
.#........÷o.######.#
##.########.........
#.# #........# ..#
#..#####.# #.#
#..#####.# #.#
#..o)@...# #..#####.#
#...# _....# #.###..
#. #.# # #.# ..


You could see an orc priest.

Vanquished Creatures
  An orc priest (D:3)
  2 hounds (D:4)
  A bullfrog skeleton (D:4)
  An iguana (D:3)
  Terence (D:3)
  5 adders
  4 worms
  4 dart slugs
  7 orcs
  5 bats
  5 giant cockroaches
  6 goblins
  6 hobgoblins
  9 jackals
  A ball python (D:2)
  3 frilled lizards
  7 kobolds
  5 rats
73 creatures vanquished.

Vanquished Creatures (others)
  A worker ant (D:3)
  3 hobgoblins (D:2)
  A bat (D:2)
5 creatures vanquished.

Grand Total: 78 creatures vanquished

Notes
Turn   | Place    | Note
-------+----------+-------------------------------------------
     0 | Abyss:1  | Lexodia the Demonspawn Abyssal Knight began the quest for
                  | the Orb.
     0 | Abyss:1  | Reached XP level 1. HP: 18/18 MP: 2/2
    41 | D:1      | Escaped the Abyss
    93 | D:1      | Huge Dmg: 3 dmg
   100 | D:1      | Huge Dmg: 2 dmg
   101 | D:1      | Reached skill level 1 in Dodging
   425 | D:1      | Gained mutation: You have sharp fingernails. [demonic
                  | ancestry]
   425 | D:1      | Reached XP level 2. HP: 23/24 MP: 4/4
   704 | D:2      | Huge Dmg: 10 dmg
   706 | D:2      | Huge Dmg: 4 dmg
   958 | D:2      | Reached skill level 3 in Invocations
  1100 | D:2      | Reached XP level 3. HP: 27/29 MP: 5/5
  1221 | D:2      | Huge Dmg: 5 dmg
  1221 | D:2      | Reached skill level 1 in Unarmed Combat
  1226 | D:2      | Reached ** piety under Lugonu
  1238 | D:2      | Huge Dmg: 1 dmg
  1241 | D:2      | Huge Dmg: 1 dmg
  1260 | D:2      | Huge Dmg: 5 dmg
  1263 | D:2      | Huge Dmg: 4 dmg
  1816 | D:3      | Gained mutation: Your movements are slightly less
                  | encumbered by armour. (ER -2) [demonic ancestry]
  1816 | D:3      | Reached XP level 4. HP: 28/35 MP: 6/6
  1897 | D:3      | Huge Dmg: 10 dmg
  2428 | D:3      | Huge Dmg: 9 dmg
  2432 | D:3      | Huge Dmg: 7 dmg
  2432 | D:3      | Reached skill level 4 in Invocations
  2696 | D:2      | Found a white marble altar of Elyvilon.
  2839 | D:3      | Reached XP level 5. HP: 27/41 MP: 5/8
  2847 | D:3      | Huge Dmg: 5 dmg
  2855 | D:3      | Huge Dmg: 6 dmg
  3222 | D:3      | Found an ornate altar of the Wu Jian Council.
  3242 | D:3      | Noticed Terence
  3266 | D:3      | Huge Dmg: 9 dmg
  3294 | D:3      | Huge Dmg: 3 dmg
  3307 | D:3      | Killed Terence
  3344 | D:3      | Huge Dmg: 7 dmg
  3836 | D:4      | Found a hazy altar of Hepliaklqana.
  3848 | D:4      | Reached skill level 5 in Invocations
  3859 | D:4      | Reached *** piety under Lugonu
  3859 | D:4      | Gained mutation: Your movements are less encumbered by
                  | armour. (ER -4) [demonic ancestry]
  3859 | D:4      | Reached XP level 6. HP: 40/47 MP: 9/9
  3885 | D:4      | Huge Dmg: 10 dmg
  3896 | D:4      | Huge Dmg: 8 dmg
  3908 | D:3      | Huge Dmg: 2 dmg
  4215 | D:4      | Huge Dmg: 11 dmg
  4216 | D:4      | Huge Dmg: 11 dmg
  4217 | D:4      | Huge Dmg: 7 dmg
  4217 | D:4      | Slain by an orc priest

Levels and vault maps discovered:
D:1:      psy_arrival_statuary, layout_basic
D:2:      minmay_general_purpose_star, layout_basic, elyvilon_altar_4
D:3:      layout_basic, lemuel_doored_altar, uniq_terence
D:4:      layout_loops_ring, nicolae_ru_great_annihilating_truth,
          lemuel_crystal_altar, temple_doors_e, first_ration, st_stairs_6,
          uniq_edmund

Skill      XL: |  1  2  3  4  5 |
---------------+----------------+-----
Dodging        | 1 |  1.7
Polearms       | 2 |  2.1
Armour         | 2 3 |  3.3
Invocations    | 3 4 5 |  5.2
Unarmed Combat | 1 2 |  2.8
Fighting       | |  3.0

Action                   |  1- 3 |  4- 6 || total
-------------------------+-------+-------++-------
Melee: Spear             |   160 |   263 ||   423
       Punch             |       |     4 ||     4
Invok: Bend Space        |       |     6 ||     6
       Banish            |       |     1 ||     1
  Use: Potion            |     5 |       ||     5
       Scroll            |       |     9 ||     9
 Stab: Sleeping          |     1 |     6 ||     7
  Eat: Chunk             |     3 |     8 ||    11
Armor: Ring mail         |    11 |    34 ||    45
       Leather armour    |    64 |    59 ||   123
Dodge: Dodged            |    69 |   161 ||   230

Table legend:
 A = Non-vault XP
 B = Vault XP
 C = Vault XP percentage of total XP
 D = Non-vault monster count
 E = Vault monster count
 F = Vault count percentage of total count
                 A         B        C        D         E       F
            +---------+---------+-------+---------+---------+-------
      Total |     421 |      38 |   8.3 |      72 |       2 |   2.7
            +---------+---------+-------+---------+---------+-------
        D:1 |      15 |       0 |   0.0 |       9 |       0 |   0.0
        D:2 |      76 |       2 |   2.6 |      31 |       1 |   3.1
        D:3 |     198 |      36 |  15.4 |      26 |       1 |   3.7
        D:4 |     132 |       0 |   0.0 |       6 |       0 |   0.0
            +---------+---------+-------+---------+---------+-------
